 Dungeon Crawl Stone Soup version 0.29.1-1-gd02db6906a (webtiles) character file.

Game seed: 16109572643316806855

547 H0rd4k the Sneak (level 7, -1/45 HPs)
             Began as an Octopode Transmuter on Oct 20, 2022.
             Slain by a killer bee (9 damage)
             ... on level 5 of the Dungeon.
             The game lasted 00:03:32 (4969 turns).

H0rd4k the Sneak (Octopode Transmuter)              Turns: 4969, Time: 00:03:33

Health: -1/45      AC:  1    Str: 16    XL:     7   Next: 28%
Magic:  10/10      EV: 13    Int: 23    God:
Gold:   238        SH:  0    Dex: 12    Spells: 6/10 levels left

rFire   . . .      SeeInvis .   j - +4 scythe (venom)
rCold   . . .      Faith    .   (shield currently unavailable)
rNeg    . . .      Spirit   .   (helmet restricted)
rPois   .          Reflect  .   (no amulet)
rElec   .          Harm     .   r - +6 ring of strength
rCorr   .          Rampage  .   m - +6 ring of intelligence
Will    .....                   (no ring)
Stlth   ++++......              (no ring)
HPRegen 0.15/turn               (no ring)
MPRegen 0.12/turn               (no ring)
                                (no ring)
                                (no ring)

@: no status effects
A: almost no armour, amphibious, 8 rings, camouflage 1, gelatinous body 1,
(nimble swimmer 1), tentacles
a: no special abilities


You were on level 5 of the Dungeon.
You visited 1 branch of the dungeon, and saw 5 of its levels.

You collected 238 gold pieces.

Inventory:

Hand Weapons
 j - a +4 scythe of venom (weapon)
Missiles
 n - 14 poisoned darts
Jewellery
 m - a +6 ring of intelligence (right tentacle)
 r - a +6 ring of strength (left tentacle)
Scrolls
 c - 3 scrolls of noise {unknown}
 e - 3 scrolls of enchant armour {unknown}
 g - 5 scrolls of identify {unknown}
 h - a scroll of fear {unknown}
 i - 2 scrolls of vulnerability {unknown}
 k - a scroll of enchant weapon {unknown}
 l - 2 scrolls of magic mapping {unknown}
 q - 3 scrolls of poison {unknown}
 s - 2 scrolls of amnesia {unknown}
 t - 4 scrolls of teleportation {unknown}
 v - a scroll of immolation {unknown}
Potions
 a - 5 potions of lignification
 b - a potion of brilliance {unknown}
 f - a potion of mutation {unknown}
 o - a potion of haste {unknown}
 p - a potion of might {unknown}
 u - 2 potions of ambrosia {unknown}


   Skills:
 + Level 2.0 Fighting
 + Level 3.0 Polearms
 + Level 2.5 Dodging
 + Level 6.0 Stealth
 + Level 5.0 Unarmed Combat
 * Level 2.2 Spellcasting
 * Level 0.2 Summonings
 + Level 2.3 Transmutations


You had 6 spell levels left.
You knew the following spells:

 Your Spells              Type           Power      Damage    Failure   Level
a - Beastly Appendage     Tmut           26%        N/A       4%          1
b - Summon Guardian Gole  Hex/Summ       3%         N/A       34%         3

Your spell library contained the following spells:

 Spells                   Type           Power      Damage    Failure   Level
 Wereblood                Tmut           13%        N/A       8%          2
 Passwall                 Tmut/Erth      6%         N/A       12%         2
 Freeze                   Ice            8%         1d3       13%         1
 Spider Form              Tmut/Pois      8%         N/A       24%         3
 Frozen Ramparts          Ice            4%         1d1       36%         3
 Ice Form                 Ice/Tmut       8%         N/A       61%         4
 Hailstorm                Conj/Ice       2%         3d3       77%         4
 Spellforged Servitor     Conj/Summ      1%         N/A       100%        7
 Summon Horrible Things   Summ           1%         N/A       100%        8


Dungeon Overview and Level Annotations

Branches:
Dungeon (5/15)
 Temple: D:4-7

Altars:
Ashenzari
Hepliaklqana
Sif Muna

Shops:
D:3 (

Annotations:
D:1 exclusion: downstairs
D:4 exclusion: downstairs


Innate Abilities, Weirdness & Mutations

You cannot wear most types of armour.
You are amphibious.
You can wear up to eight rings at the same time.
Your skin changes colour to match your surroundings (Stealth+).
Your rubbery body absorbs attacks. (AC +1, EV +1)
((You are camouflaged when in or above water. (Stealth+)))
You have tentacles for arms and can constrict up to eight enemies at once.


Message History

A killer bee comes into view.
A killer bee is nearby!
A killer bee is nearby!
A killer bee is nearby!
A killer bee is nearby!
Found a scroll labelled USOREL COZIS.
Found a dented bronze amulet.
i - 2 scrolls labelled USOREL COZIS (gained 1)
A killer bee is nearby!
A killer bee is nearby!
You reach to attack!
You catch the helpless killer bee completely off-guard!
You hit the killer bee.
The killer bee is poisoned.
The killer bee is moderately wounded.
The killer bee stings you!
You barely miss the killer bee. Your grab misses the killer bee.
The killer bee is almost dead.
The killer bee stings you.
A killer bee comes into view.
The killer bee misses you. The killer bee closely misses you.
A killer bee comes into view.
You miss the killer bee.
The killer bee buzzes angrily. x2
Your grab misses the killer bee.
The killer bee is almost dead.
You hear an angry buzzing noise.
You kill the killer bee!
The killer bee misses you.
A killer bee comes into view.
The killer bee stings you. The killer bee barely misses you.
A killer bee comes into view.
Your Polearms skill increases to level 3!
Your Stealth skill increases to level 6!
The killer bee completely misses you. The killer bee stings you!
As you read the scroll labelled ALU OT WOTEB, it crumbles to dust.
Your body is wracked with pain!
* * * LOW HITPOINT WARNING * * *
The killer bee convulses! x3; It was a scroll of torment.
The killer bee stings you!
You die...

... ...# ..!# ...#
...###
..[..#############
.......y.........#
.!...####.######y#
..y######.# #@#
..†..>..... #y#
.....[....###y.†y.".#
.#.######## ##...##.#
...##...# #.### #
#.....# #. .#.##...#
#. .#.# .## # .#.# #


You could see 3 killer bees.

Vanquished Creatures
  Sigmund (D:2)
  A phantom (D:4)
  2 killer bees (D:5)
  A hound (D:5)
  Terence (D:2)
  3 iguanas (D:4)
  3 adders
  A white imp (D:5)
  A worm (D:3)
  3 dart slugs
  5 ball pythons
  4 bats
  6 endoplasms
  A giant cockroach (D:1)
  11 goblins
  9 hobgoblins
  6 kobolds
  3 quokkas
  A frilled lizard (D:1)
  5 rats
68 creatures vanquished.

Vanquished Creatures (others)
  A fungus (D:1)
1 creature vanquished.

Grand Total: 69 creatures vanquished

Notes
Turn   | Place    | Note
-------+----------+-------------------------------------------
     0 | D:1      | H0rd4k the Octopode Transmuter began the quest for the Orb.
     0 | D:1      | Reached XP level 1. HP: 13/13 MP: 3/3
   400 | D:1      | Reached skill level 1 in Stealth
   400 | D:1      | Reached XP level 2. HP: 18/18 MP: 5/5
   538 | D:1      | Found a faded altar of an unknown god.
   775 | D:1      | Reached XP level 3. HP: 22/23 MP: 6/6
   877 | D:1      | Reached skill level 2 in Stealth
  1111 | D:2      | Noticed Terence
  1512 | D:2      | Noticed Sigmund
  1521 | D:2      | Killed Sigmund
  1522 | D:2      | Reached skill level 4 in Stealth
  1522 | D:2      | Reached XP level 4. HP: 7/28 MP: 5/7
  1522 | D:2      | Reached XP level 5. HP: 8/33 MP: 5/8
  2322 | D:2      | Killed Terence
  2323 | D:2      | Reached skill level 5 in Unarmed Combat
  2323 | D:2      | Reached XP level 6. HP: 23/38 MP: 9/9
  2506 | D:3      | Found Weirchom's Weapon Shop.
  2576 | D:3      | Found a broken altar of Ashenzari.
  3223 | D:4      | Found a hazy altar of Hepliaklqana.
  3334 | D:4      | Reached skill level 1 in Polearms
  3334 | D:4      | Reached skill level 5 in Stealth
  3820 | D:4      | Got the Discursus on Amassed Stones
  4118 | D:4      | Found a shimmering blue altar of Sif Muna.
  4159 | D:5      | Entered Level 5 of the Dungeon
  4167 | D:5      | Reached XP level 7. HP: 12/44 MP: 10/10
  4426 | D:4      | HP: 2/44 [poisoned by a killer bee]
  4817 | D:5      | Learned a level 3 spell: Summon Guardian Golem
  4968 | D:5      | Reached skill level 6 in Stealth
  4969 | D:5      | Slain by a killer bee

Illustrated notes

Levels and vault maps discovered:
D:1:      heliophobic_arrival_battle_scene, layout_loops_cross,
          shapermc_ecumenical_altar_mp_ritualfount
D:2:      layout_basic, uniq_sigmund, uniq_terence
D:3:      layout_loops_ring, mainiacjoe_overflow_tiny_flanked, serial_shops,
          shop_fountains
D:4:      layout_loops_ring, led_sif_pool, amcnicky_altar_gilded,
          dreamdust_princess_bridge
D:5:      layout_loops_ring, minmay_temple_entry_proselytizer

Skill      XL: |  1  2  3  4  5  6  7 |
---------------+----------------------+-----
Stealth        | 1 4 5 6 |  6.0
Unarmed Combat | 4 5 |  5.0
Polearms       | 2 3 |  3.0
Fighting       | 2 |  2.0
Dodging        | |  2.5
Spellcasting   | |  2.2
Summonings     | |  0.2
Transmutations | |  2.3

Action                   |  1- 3 |  4- 6 |  7- 9 || total
-------------------------+-------+-------+-------++-------
Melee: Unarmed           |    59 |     2 |       ||    61
       Constrict         |    15 |    11 |     1 ||    27
       Tentacles         |    10 |     8 |     1 ||    19
       Punch             |     4 |     1 |       ||     5
       Halberd           |       |    67 |    13 ||    80
  Use: Scroll            |       |       |     1 ||     1
 Stab: Sleeping          |    12 |    13 |       ||    25
       Distracted        |       |       |     1 ||     1
Armor: Skin              |     1 |     2 |     2 ||     5
Dodge: Dodged            |    21 |    25 |     9 ||    55
